 Dungeon Crawl Stone Soup version 0.21.1-1-g345015f (webtiles) character file.

44 inc the Scratcher (level 3, 14/14 HPs)
             Began as a Felid Earth Elementalist on Feb 28, 2018.
             Was a Follower of Trog.
             Quit the game on level 2 of the Dungeon.
             The game lasted 00:02:21 (1520 turns).

inc the Scratcher (Felid Earth Elementalist)        Turns: 1520, Time: 00:02:22

Health: 14/14      AC:  1    Str:  4    XL:     3   Next: 39%
Magic:  7/7        EV: 18    Int: 17    God:    Trog [*.....]
Gold:   33         SH:  0    Dex: 16    Spells: 5/6 levels left
                                        Lives:  0   Deaths: 0

rFire    . . .     SeeInvis +     - Unarmed
rCold    . . .     Gourm    .   (shield unavailable)
rNeg     . . .     Faith    .   (armour unavailable)
rPois    .         Spirit   .   (helmet unavailable)
rElec    .         Reflect  .   (cloak unavailable)
rCorr    .         Harm     .   (gloves unavailable)
MR       .....                  (boots unavailable)
Stlth    +++.......             (no amulet)
HPRegen  0.04/turn              (no ring)
MPRegen  0.10/turn              (no ring)

@: quick
A: very small, no armour, no weapons or thrown items, stealth, claws 1, fangs 3,
see invisible, carnivore, speed 1, shaggy fur 1, slow metabolism 1, sharp paws
a: Berserk, Burn Spellbooks, Renounce Religion


You were on level 2 of the Dungeon.
You worshipped Trog.
Trog was aware of your devotion.
You were not hungry.

You visited 1 branch of the dungeon, and saw 2 of its levels.

You collected 33 gold pieces.

Inventory:

Missiles
 b - 14 stones
Jewellery
 a - an uncursed ring of ice {unknown}
Scrolls
 g - a scroll of identify {unknown}
 i - a scroll of immolation {unknown}
Potions
 e - a potion of lignification {unknown}
 f - a potion of agility {unknown}
 h - 3 potions of curing {unknown}
Books
 d - a book of Geomancy

   Spells                             Type                      Level
   a - Sandblast                      Earth                        1
   b - Passwall                       Transmutation/Earth          2
   c - Stone Arrow                    Conjuration/Earth            3
   d - Petrify                        Transmutation/Earth          4
   e - Lee's Rapid Deconstruction     Earth                        5
   Trog disapproves of the use of such an item.
Comestibles
 c - 2 rations


   Skills:
 - Level 2.6 Dodging
 - Level 2.6 Stealth
 - Level 3.0 Unarmed Combat
 - Level 2.0 Spellcasting
   Level 1.1 Transmutations
 - Level 2.7 Earth Magic


You had 5 spell levels left.
You knew the following spells:

 Your Spells              Type           Power        Failure   Level  Hunger
a - Sandblast             Erth           ##....       6%          1    #......


Dungeon Overview and Level Annotations

Branches:
Dungeon (2/15)

Altars:
Trog


Innate Abilities, Weirdness & Mutations

You cannot wear armour.
You are incapable of wielding weapons or throwing items.
Your paws allow you to move quietly. (Stealth)
You have sharp claws.
You have razor-sharp teeth.
You have supernaturally acute eyesight. (SInv)
You are carnivorous and can eat meat at any time.
You cover ground quickly.
You are covered in fur. (AC +1)
You have a slow metabolism.
Your sharp claws are effective at attacking unaware monsters.


Message History

Aim: a quokka (almost dead)
The blast of sand hits the quokka.
You kill the quokka!
b - 14 stones You start resting.
HP restored.
Things that are here:
a goblin skeleton; a jackal skeleton
Found a faded altar of an unknown god.
Found a stone staircase leading up.
An adder comes into view.
The adder hisses angrily.
There is a faded altar of an unknown god here.
You cannot tell which god this altar belongs to.
Convert to them anyway?
Trog accepts your prayer! Trog welcomes you!
You can now call upon Trog to burn spellbooks in your surroundings.
You can now go berserk at will.
Okay, then.
Are you sure you want to abandon this character and quit the game? (Confirm with "yes".)

#......##......S# ..
#.....########..##.....
#####.# #..#.......
####÷#### ##....#.....
#.....÷.###.S####.....
#.>..........###......
#.......###..........
######........♣..###
#.......♣@♣....
#........♣..###
######......# #....###
######


You could see an adder.

Vanquished Creatures
  A dart slug (D:1)
  3 bats
  3 giant cockroaches (D:1)
  5 goblins
  10 hobgoblins (D:1)
  3 jackals (D:2)
  A quokka (D:2)
  A frilled lizard (D:1)
  6 kobolds
  2 rats (D:1)
35 creatures vanquished.

Notes
Turn   | Place    | Note
-------+----------+-------------------------------------------
     0 | D:1      | inc the Felid Earth Elementalist began the quest for the Orb.
     0 | D:1      | Reached XP level 1. HP: 7/7 MP: 4/4
    35 | D:1      | Reached skill level 1 in Unarmed Combat
   109 | D:1      | Reached XP level 2. HP: 9/11 MP: 3/6
   296 | D:1      | Reached skill level 2 in Unarmed Combat
   782 | D:1      | Reached XP level 3. HP: 8/14 MP: 3/7
  1179 | D:2      | Reached skill level 3 in Unarmed Combat
  1504 | D:2      | Found a faded altar of an unknown god.
  1519 | D:2      | Became a worshipper of Trog the Wrathful
  1519 | D:2      | Reached * piety under Trog
  1520 | D:2      | Quit the game

Skill      XL: |  1  2  3 |
---------------+----------+-----
Unarmed Combat | 1 2 3 |  3.0
Dodging        | |  2.6
Stealth        | |  2.6
Spellcasting   | |  2.0
Transmutations | |  1.1
Earth Magic    | |  2.7

Action                   || total
-------------------------++-------
Melee: Unarmed           ||    39
       Bite              ||     2
 Cast: Sandblast         ||    42
 Stab: Sleeping          ||     2
  Eat: Chunk             ||     2
Armor: Skin              ||     5
Dodge: Dodged            ||    61
